 Dungeon Crawl Stone Soup version 0.29-a0-320-g9f8742066b (webtiles) character file.

Game seed: 12083283842170416689

3126 experimilk the Envoy of Void (level 9, -1/75 HPs)
             Began as a Palentonga Abyssal Knight on Apr 2, 2022.
             Was a High Priest of Lugonu.
             Slain by a thrashing horror (12 damage)
             ... summoned by Lugonu's corruption
             ... on level 8 of the Dungeon on Apr 3, 2022.
             The game lasted 00:25:03 (9593 turns).

experimilk the Envoy of Void (PaAK)                 Turns: 9593, Time: 00:25:03

Health: -1/75      AC: 20    Str: 25    XL:     9   Next: 61%
Magic:  7/14       EV:  1    Int: 10    God:    Lugonu [*****.]
Gold:   283        SH:  9    Dex: 11    Spells: 8/8 levels left

rFire   + . .      SeeInvis +   A - +0 demon trident (drain)
rCold   . . .      Faith    +   L - +0 tower shield
rNeg    . . .      Spirit   .   x - +1 plate armour
rPois   +          Reflect  .   (no helmet)
rElec   .          Harm     .   (no cloak)
rCorr   +          Rampage  .   C - +2 pair of gloves
Will    .....                   (no barding)
Stlth   ..........              d - amulet of Divine Compulsion {Faith rCorr Str+4}
HPRegen 0.22/turn               c - ring of protection from fire
MPRegen 0.14/turn               o - ring of poison resistance

@: about to teleport, afraid, curled up
A: large, rugged brown scales 3, see invisible, deformed body, roll 1, armoured
tail, reflexive curl
a: Rolling Charge, Renounce Religion, Depart the Abyss, Bend Space, Banish,
Corrupt, Enter the Abyss


You were on level 8 of the Dungeon.
You worshipped Lugonu.
Lugonu was extremely pleased with you.
You visited 1 branch of the dungeon, and saw 8 of its levels.
You visited the Abyss 1 time.
You also visited: Ossuary.

You collected 485 gold pieces.
You spent 202 gold pieces at shops.

Inventory:

Hand Weapons
 a - a +2 hand axe
 A - a +0 demon trident of draining (weapon)
 D - a +0 trident
Missiles
 z - 6 poisoned darts (quivered)
 F - 2 throwing nets
 J - 5 silver javelins
Armour
 b - a +0 leather armour
 f - a +0 ring mail
 x - a +1 plate armour (worn)
 C - a +2 pair of gloves (worn)
 L - a +0 tower shield (worn)
Jewellery
 c - a ring of protection from fire (left hand)
 d - the amulet of Divine Compulsion (around neck) {Faith rCorr Str+4}
   (You found it on level 2 of the Dungeon)

   [amulet of faith]

   It allows you to gain divine favour quickly.
   Str:       It affects your strength (+4).
   rCorr:     It protects you from acid and corrosion.
 o - a ring of poison resistance (right hand)
 E - a ring of resist corrosion
Wands
 m - a wand of acid (5)
 s - a wand of iceblast (30)
 B - a wand of paralysis (7)
 G - a wand of flame (11)
Scrolls
 e - 2 scrolls of amnesia
 l - a scroll of holy word
 n - 4 scrolls of teleportation
 t - a scroll of fog {unknown}
 u - a scroll of magic mapping
 w - a scroll of immolation {unknown}
 y - 2 scrolls of enchant armour
Potions
 g - 5 potions of heal wounds
 h - 4 potions of attraction
 i - 4 potions of curing
 j - 2 potions of magic
 k - 2 potions of resistance
 p - a potion of might
 q - a potion of lignification {unknown}
 r - 3 potions of brilliance
 v - 2 potions of flight {unknown}
 H - 2 potions of cancellation {unknown}
 I - a potion of haste {unknown}
 K - a potion of mutation {unknown}


   Skills:
 + Level 6.7 Fighting
 - Level 6.3(7.7) Axes
 * Level 6.0(7.2) Polearms
 + Level 3.8 Armour
 - Level 0.7 Dodging
 * Level 7.6 Invocations


You had 8 spell levels left.
You didn't know any spells.
Your spell library contained the following spells:

 Spells                   Type           Power      Damage    Failure   Level
 Sandblast                Erth           0%         2d4       100%        1
 Passwall                 Tmut/Erth      0%         N/A       100%        2
 Stone Arrow              Conj/Erth      0%         3d7       100%        3


Dungeon Overview and Level Annotations

Branches:
Dungeon (8/15)             Temple (0/1) D:6            Lair (0/6) D:8
Ossuary (visited)

Altars:
The Shining One

Shops:
D:4 [

Annotations:
D:3 2 transporters, hgbash's ghost, amateur GrEE
D:8 corrupted


Innate Abilities, Weirdness & Mutations

You are completely covered in rugged brown scales. (AC +3, +7% HP)
You have supernaturally acute eyesight. (SInv)
Armour fits poorly on your strangely shaped body.
You can roll at nearby foes to attack.
You have a long armoured tail.
You curl defensively after being hit. (AC +7*)


Message History

A yak comes into view.
The yak bellows!
The yak barely misses the large abomination.
The yak gores you but does no damage.
The steam dragon bites the caustic shrike skeleton.
The steam dragon claws the caustic shrike skeleton.
The yak gores the caustic shrike skeleton. x2
The yak gores something but does no damage.
The steam dragon barely misses something. x2
The small abomination hits the steam dragon.
Something hits the yak but does no damage.
The neqoxec hits the yak!
The smoke demon gestures at the yak.
The yak is smitten.
A spatial vortex comes into view.
The thrashing horror tramples you but does no damage.
You block the thrashing horror's attack.
The small abomination hits the steam dragon.
The yak gores something!
The yak gores you!
Something barely misses the yak.
You block the large abomination's attack.
The shadow hits you.
The thrashing horror tramples you but does no damage. x2
The neqoxec closely misses the yak.
The spatial vortex moves out of view.
A spatial vortex comes into view.
As you read the scroll of teleportation, it crumbles to dust.
You feel strangely unstable.
The small abomination hits the yak!!
The yak dies!
The yak barely misses something.
The yak gores you.
* * * LOW HITPOINT WARNING * * *
The thrashing horror tramples you!
* * * LOW HITPOINT WARNING * * *
You hold your ground!
The thrashing horror tramples you but does no damage.
The neqoxec barely misses the yak.
Something hits the yak!
The shadow hits you.
The glowing orange brain pulsates.
The glowing orange brain radiates an aura of fear!
You are terrified of the glowing orange brain!
The yak looks frightened!
The spatial vortex moves out of view.
The thrashing horror tramples you!
You die...

***$....#....#,,**,*******
*##........**,,,,,,,,,,,
....#..#.**,,*,*******
####5......###..#,*
#....#uY.x5......,*
#######.#####.ZY####..,,*******
**#.......# #X†# *,,,,,,,,,,,
,,.....#..# ##Y# ***,,*******
,*#.#.....# *#@3#******,*******
#####.....###..WXXXX.2..,,,,,,,,,
PPP##...†...G.#5#3X#vx.#**,******
..PP#.....###.#.#3#.4#v. *,** *,,
>.PP#.....#.....#...#. v *,,***,*
..PP#.....#.##..#..#X .# *,,,,,,,
.PPP#####.#.###..!...# # **,,*,,,
PP.P#.....#.# #.*.#.. **,,*,,,
...##.....#.# *,*,* *,,,,,,,


You could see 2 yaks, a neutral starcursed mass (summoned, wandering), a neutral
spatial maelstrom (summoned), a neutral glowing orange brain (summoned, scary,
distracted), 2 neutral spatial vortices, 2 neutral thrashing horrors, 3 neutral
large abominations, a neutral smoke demon (summoned, distracted), a neutral
hellion (summoned, wandering), 2 neutral neqoxecs, a neutral chaos spawn
(summoned, wandering), 2 neutral small abominations, a neutral shadow (summoned,
distracted), a neutral quasit (summoned, distracted) and a neutral ufetubus
(summoned, distracted).

Vanquished Creatures
  A two-headed ogre (D:5)
  A komodo dragon (D:8)
  A wyvern (D:7)
  A yak (D:8)
  A water moccasin (D:7)
  2 orc warriors (D:7)
  2 sky beasts
  A black bear (D:7)
  An ogre (D:5)
  A kobold brigand (D:7)
  A phantom (D:7)
  3 bullfrogs
  A gnoll sergeant (D:7)
  3 scorpions
  A necrophage (D:7)
  2 jellies
  4 hounds
  A centaur zombie (Ossuary)
  2 orc priests (D:7)
  A gnoll shaman (D:7)
  3 iguanas
  2 orc wizards
  2 mummies (Ossuary)
  8 adders
  3 gnolls (D:7)
  A shadow imp (D:6)
  A white imp (D:6)
  An ufetubus (D:5)
  An adder zombie (Ossuary)
  3 worms
  3 dart slugs
  11 orcs
  6 endoplasms
  3 giant cockroaches
  12 goblins
  6 hobgoblins
  3 jackals (D:1)
  12 kobolds
  A quokka (D:4)
  6 ball pythons
  A bat (D:3)
  2 frilled lizards (D:1)
  A goblin zombie (Ossuary)
  9 hobgoblin zombies (Ossuary)
  2 jackal zombies (Ossuary)
  11 kobold zombies (Ossuary)
  10 orc zombies (Ossuary)
  3 rats
  2 rat zombies (Ossuary)
160 creatures vanquished.

Vanquished Creatures (others)
  2 yaks (D:8)
  11 plants
13 creatures vanquished.

Grand Total: 173 creatures vanquished

Notes
Turn   | Place    | Note
-------+----------+-------------------------------------------
     0 | Abyss:1  | experimilk the Palentonga Abyssal Knight began the quest
                  | for the Orb.
     0 | Abyss:1  | Reached XP level 1. HP: 19/19 MP: 2/2
    12 | D:1      | Escaped the Abyss
   366 | D:1      | Reached XP level 2. HP: 25/25 MP: 3/3
  1455 | D:2      | Reached XP level 3. HP: 31/31 MP: 4/4
  1576 | D:2      | Reached *** piety under Lugonu
  1833 | D:2      | Identified the amulet of Divine Compulsion {Faith rCorr
                  | Str+4}
  2085 | D:3      | Reached XP level 4. HP: 24/37 MP: 5/5
  2840 | D:3      | Found a faded altar of an unknown god.
  2975 | D:3      | Found a transporter.
  2977 | D:3      | Identified the +3 scale mail of Liberalism {rCorr Int+2
                  | Stlth+}
  2977 | D:3      | Noticed a gnoll sergeant
  2982 | D:3      | Found a transporter.
  2994 | D:3      | Noticed hgbash's ghost (amateur GrEE)
  3015 | D:3      | Reached **** piety under Lugonu
  3066 | D:3      | You fall into a shaft and drop 3 floors!
  3071 | D:6      | Reached skill level 5 in Axes
  3071 | D:6      | Reached XP level 5. HP: 40/43 MP: 6/6
  3215 | D:5      | Entered Level 5 of the Dungeon
  3282 | D:4      | Found Ighawoz's Antique Armour Emporium.
  3284 | D:4      | Found a sand-covered staircase.
  3291 | Ossuary  | Entered an ossuary
  3719 | Ossuary  | Reached XP level 6. HP: 44/50 MP: 7/7
  3890 | D:4      | Reached ***** piety under Lugonu
  4865 | D:5      | Reached skill level 3 in Invocations
  5106 | D:5      | Reached skill level 1 in Polearms
  5309 | D:5      | Noticed a two-headed ogre
  5310 | D:5      | Gained mutation: You curl defensively after being hit. (AC
                  | +7*) [Palentonga growth]
  5310 | D:5      | Reached XP level 7. HP: 52/55 MP: 7/9
  5350 | D:5      | Killed a two-headed ogre
  5351 | D:5      | Reached skill level 5 in Invocations
  5351 | D:5      | Reached XP level 8. HP: 24/64 MP: 9/12
  5618 | D:4      | Bought a pair of runed gloves for 202 gold pieces
  6788 | D:6      | Found a staircase to the Ecumenical Temple.
  7161 | D:6      | Reached skill level 6 in Invocations
  7313 | D:6      | Reached skill level 5 in Fighting
  7919 | D:7      | Reached XP level 9. HP: 55/73 MP: 13/13
  8139 | D:7      | Reached skill level 5 in Polearms
  8477 | D:7      | Reached skill level 7 in Invocations
  9114 | D:8      | Found a glowing golden altar of the Shining One.
  9185 | D:8      | Found a staircase to the Lair.
  9186 | D:8      | Noticed a komodo dragon
  9202 | D:8      | Killed a komodo dragon
  9589 | D:8      | Corrupted D:8
  9589 | D:8      | Noticed a thrashing horror
  9589 | D:8      | Noticed a large abomination
  9589 | D:8      | Noticed a purple very ugly thing
  9589 | D:8      | Noticed a smoke demon
  9589 | D:8      | Noticed a spatial maelstrom
  9589 | D:8      | Noticed a large abomination
  9590 | D:8      | Noticed a thrashing horror
  9590 | D:8      | Noticed a hellion
  9590 | D:8      | Noticed a starcursed mass
  9590 | D:8      | Noticed a glowing orange brain
  9593 | D:8      | Slain by a thrashing horror

Illustrated notes

Levels and vault maps discovered:
D:1:      dpeg_arrival_more_subterranean_lakeside_camping, layout_basic,
          serial_bayou_lagoon_b
D:2:      layout_rooms, grunt_ministairs_11
D:3:      layout_basic, ebering_ecumenical_altar_webs,
          gammafunk_ghost_gnarly_gnolls
D:4:      minmay_inner_zag, layout_loops_ring, enter_ossuary_5, serial_shops,
          nicolae_shop_temple_entry_statues_fountains
D:5:      layout_loops_cross, minmay_misc_feat_tower, hangedman_decor_lopped
D:6:      nicolae_cairo_tiling_large, layout_basic, temple_doors_e
D:7:      nicolae_cairo_tiling, layout_basic, chequers_serial_rivers_large_b,
          minmay_joined_circles
D:8:      layout_basic, mainiacjoe_overflow_catwalk, tso_altar,
          david_lair_shrubbed, minmay_misc_feat_rugged,
          kennysheep_windowed_goal, uniq_joseph

Skill      XL: |  1  2  3  4  5  6  7  8  9 |
---------------+----------------------------+-----
Axes           | 3 4 5 6 |  6.3
Armour         | 2 3 |  3.8
Invocations    | 3 5 6 7 |  7.6
Polearms       | 1 3 4 6 |  6.0
Fighting       | 4 6 |  6.7
Dodging        | |  0.7

Action                   |  1- 3 |  4- 6 |  7- 9 || total
-------------------------+-------+-------+-------++-------
Melee: Hand axe          |    81 |   135 |       ||   216
       Tailslap          |     8 |    24 |    25 ||    57
       Punch             |       |     1 |     1 ||     2
       Demon trident     |       |    13 |   142 ||   155
Throw: Dart              |       |       |     4 ||     4
Invok: Bend Space        |       |     6 |    23 ||    29
       Corrupt           |       |       |     1 ||     1
 Abil: Rolling Charge    |    18 |    46 |    41 ||   105
Evoke: Wand              |       |     1 |    15 ||    16
  Use: Scroll            |     3 |     6 |    11 ||    20
       Potion            |       |     1 |       ||     1
 Stab: Distracted        |       |     1 |       ||     1
Armor: Leather armour    |    14 |       |       ||    14
       Ring mail         |    18 |    57 |       ||    75
       Plate armour      |       |     3 |   105 ||   108
Dodge: Dodged            |    32 |    55 |    25 ||   112
Block: Tower shield      |       |       |     7 ||     7

Table legend: (Time is in decaauts)
 A = Elapsed time spent in this place.
 B = Non-inter-level travel time spent in this place.
 C = Inter-level travel time spent in this place.
 D = Time resting spent in this place.
 E = Time spent auto-exploring this place.
 F = Levels seen in this place.
 G = Mean time per level.
                   A        B        C        D        E       F      G
               +--------+--------+--------+--------+--------+-----+--------+
         Total |   9662 |   9300 |    362 |   3284 |   3523 |  10 |  966.2 |
       Dungeon |   9105 |   8743 |    362 |   3006 |   3523 |   8 | 1138.1 |
         Abyss |     12 |     12 |      0 |      0 |      0 |   1 |   12.0 |
       Ossuary |    545 |    545 |      0 |    278 |      0 |   1 |  545.0 |
               +--------+--------+--------+--------+--------+-----+--------+

Top non-repeatable levels by time:
     D:7: 1637 daAuts
     D:1: 1433 daAuts
     D:5: 1262 daAuts
     D:4: 1194 daAuts
     D:6: 1110 daAuts
     D:3: 1035 daAuts
     D:2: 928 daAuts
 Ossuary: 545 daAuts
     D:8: 502 daAuts
 Abyss:1: 12 daAuts
